 Dungeon Crawl Stone Soup version 0.30-a0-702-gdf48620a09 (webtiles) character file.

Game seed: 162905625253713655

18864 browni3141 the Thaumaturge (level 13, -2/99 HPs)
             Began as a Djinni Fire Elementalist on Jan 21, 2023.
             Was an Elder of Makhleb.
             Engulfed by a cloud of flame (8 damage)
             ... in a Gauntlet.
             The game lasted 00:43:25 (15748 turns).

browni3141 the Thaumaturge (DjFE)                  Turns: 15748, Time: 00:43:25

Health: -2/99      AC:  7    Str:  8    XL:     13   Next: 0%
Gold:   800        EV: 17    Int: 17    God:    Makhleb [****..] SH:  0 Dex: 15

rFire   + . .      SeeInvis .    m - +0 long sword
rCold   . . .      Faith    .    (no shield)
rNeg    + + +      Spirit   .    B - +3 robe "Rullor" {+Blink rElec rN+++ Str-3}
rPois   ∞          Reflect  .    (no helmet)
rElec   +          Harm     .    h - +0 cloak
rCorr   .          Rampage  .    Q - +0 pair of gloves {hurl}
Will    +....      NoTele   +    (boots unavailable)
Stlth   ++                       (no amulet)
HPRegen 0.36/turn                C - ring of ice
MPRegen 0.00/turn                w - +5 ring of evasion

@: flying, hasted, very quick
A: sickness immunity, fire resistance 2, cold vulnerability 1, float, innate
caster, HP casting, extra vitality 1
a: Renounce Religion, Evoke Blink, Minor Destruction, Lesser Servant of Makhleb,
Major Destruction


You were in a Gauntlet.
You worshipped Makhleb.
Makhleb was greatly pleased with you.
You visited 3 branches of the dungeon, and saw 14 of its levels.
You also visited: Ossuary, Bailey and Gauntlet.

You collected 800 gold pieces.

Inventory:

Hand Weapons
 m - a +0 long sword (weapon)
Missiles
 n - 35 poisoned darts
 M - a throwing net
 R - 4 curare-tipped darts
Armour
 a - a +0 robe
 c - a +2 robe of cold resistance
 h - a +0 cloak (worn)
 B - the +3 robe "Rullor" (worn) {+Blink rElec rN+++ Str-3}
   (You found it in an ossuary)

   Str:       It affects your strength (-3).
   rElec:     It insulates you from electricity.
   rN:        It renders you almost immune to negative energy.
   +Blink:    It lets you blink.
 G - a +0 chain mail of willpower
 Q - a +0 pair of gloves of hurling (worn)
Jewellery
 p - a +6 ring of intelligence
 w - a +5 ring of evasion (right hand)
 C - a ring of ice (left hand)
 K - a +4 ring of protection
 P - a ring of wizardry
 W - a +6 ring of dexterity
Wands
 F - a wand of quicksilver (7)
 H - a wand of iceblast (14)
 J - a wand of digging (5)
 S - a wand of polymorph (3)
Scrolls
 d - 5 scrolls of enchant weapon
 i - 3 scrolls of teleportation
 q - 3 scrolls of blinking
 r - 2 scrolls of noise
 t - a scroll of silence
 u - a scroll of amnesia
 v - a scroll of fog
 x - a scroll of immolation
 y - a scroll of poison
 z - 4 scrolls of butterflies
 D - a scroll of enchant armour
 N - a scroll of acquirement
 V - a scroll of magic mapping
Potions
 b - 4 potions of magic
 e - 3 potions of mutation
 f - 5 potions of flight
 g - 2 potions of berserk rage
 j - 8 potions of heal wounds
 k - a potion of cancellation
 l - 5 potions of attraction {unknown}
 o - 6 potions of might {unknown}
 s - 7 potions of curing
 A - 3 potions of invisibility {unknown}
 E - 2 potions of brilliance {unknown}
 L - a potion of lignification {unknown}
 O - a potion of ambrosia {unknown}
 T - 2 potions of degeneration {unknown}
Miscellaneous
 U - a phantom mirror (inert)


   Skills:
 - Level 11.0 Fighting
 * Level 3.6 Armour
 - Level 2.1 Dodging
 - Level 1.5 Stealth
 * Level 12.3 Spellcasting
 - Level 8.0 Invocations


You had 4 spell levels left.
You knew the following spells:

 Your Spells              Type           Power      Damage    Failure   Level
a - Foxfire               Conj/Fire      100%       2x1d9     1%          1
b - Scorch                Fire           100%       2d10      1%          2
c - Kindle Blastsparks    Fire/Tloc/Air  100%       2d18      1%          3
d - Inner Flame           Hex/Fire       51%        N/A       1%          3
e - Flame Wave            Conj/Fire      51%        2d13      1%          4
f - Slow                  Hex            100%       N/A       1%          1
g - Static Discharge      Conj/Air       100%       2-7/arc   1%          2
h - Stone Arrow           Conj/Erth      100%       3d13      1%          3
i - Manifold Assault      Tloc           51%        N/A       1%          4
j - Airstrike             Air            25%        2d(4-20)  1%          4
k - Silence               Hex/Air        25%        N/A       1%          5
Your spell library was empty.

Dungeon Overview and Level Annotations

Branches:
Dungeon (11/15)            Temple (1/1) D:6            Lair (2/5) D:11
Ossuary (visited)          Bailey (visited)         Gauntlet (1/1)
  Swamp: Lair:2-3    Shoals: Lair:2-3     Snake: Lair:2-3    Spider: Lair:2-3
    Orc: D:9-12

Altars:
Ashenzari
Cheibriados
Dithmenos
Elyvilon
Fedhas
Gozag
Hepliaklqana
Makhleb
Nemelex Xobeh
Okawaru
Qazlal
Ru
Trog
Uskayaw
Wu Jian
Xom
Yredelemnul
Zin
The Shining One

Shops:
D:9 :

Annotations:
D:3 Grinder Gauntlet 13 transporters, 5 runed translucent doors, exclusion: obsidian statue


Innate Abilities, Weirdness & Mutations

You are immune to sickness and miasma.
You are immune to poison.
Your flesh is very heat resistant. (rF++)
You are vulnerable to cold. (rC-)
You float through the air rather than walking.
You learn spells naturally, not from books.
Your magical power is your life essence.
You have superior vitality. (+4 MHP)


Message History

Aim: a wolf spider simulacrum (severely damaged, more vulnerable to fire, chance to affect: 95%)
The wolf spider simulacrum is filled with an inner flame.
The cloud of blastsparks explodes!
The concussive blast engulfs the wolf spider simulacrum!!!
The wolf spider simulacrum melts!
Makhleb accepts your kill. The concussive blast engulfs you! You resist.
* * * LOW HITPOINT WARNING * * *
The wolf spider simulacrum explodes!
The fiery explosion engulfs you! You resist.
* * * LOW HITPOINT WARNING * * *
The wolf spider simulacrum is engulfed in blazing flames.
You have reached level 13!
The power to cast Silence wells up from within.
Spell assigned to 'k'.
You feel much better.
You are engulfed in blazing flames.
You resist.
* * * LOW HITPOINT WARNING * * *
Casting: Inner Flame (safe; 1% risk of failure)
Confirm with . or Enter, or press ? or * to list all spells.
Aiming: Airstrike (safe; 1% risk of failure)
Press: ? - help, Dir - move target, f - wolf spider simulacrum
Aim: a wolf spider simulacrum (heavily damaged, empty space bonus: 6/8)
The air twists around and strikes the wolf spider simulacrum!
The wolf spider simulacrum is severely damaged.
* * * LOW HITPOINT WARNING * * *
You are engulfed in blazing flames.
You resist.
* * * LOW HITPOINT WARNING * * *
The cane toad simulacrum is engulfed in blazing flames.
Casting: Airstrike (safe; 1% risk of failure)
Confirm with . or Enter, or press ? or * to list all spells.
Aiming: Airstrike (safe; 1% risk of failure)
Press: ? - help, Dir - move target, f/p - wolf spider simulacrum
Aim: a wolf spider simulacrum (flame, severely damaged, empty space bonus: 7/8)
The air twists around and strikes the wolf spider simulacrum!!
The wolf spider simulacrum vaporises!
Makhleb accepts your kill.
The slime creature quivers.
The jelly quivers.
* * * LOW HITPOINT WARNING * * *
You are engulfed in blazing flames.
You resist.
You die...

P.#.#≈≈≈#.#..P≈≈≈≈≈P..#..+++###..
♣.#.#.©.#.#.♣.#≈#≈#.♣.#J.#....#.♣
P.#.+...+.#.PP≈≈≈≈≈P..#J.#.##.#..
♣.#.#####.#...#≈#≈#...#JJ#.##.#.♣
..#......h#...........#JJ#©...#..
..#############################..
≈....#©.........©.........©#....≈
##...#######################...##
#≈.........#.|!@§..#.........≈#
#≈≈..♣.PP♣.#.#§§§#.#.♣P.P♣..≈≈#
####.......#.#§.§#.#.P..P..####
#≈..♣...#.##Z##.#...♣..≈#
#≈≈..PP.#..#§#..#.P...≈≈#
####..♣.####.####.♣..####
#≈...#......Z#...≈#
#≈≈..#########..≈≈#
####.....©.....####


You could see 2 slime creatures, a raiju, 2 jellies and a cane toad simulacrum.

Vanquished Creatures
  An orc warlord (Bailey)
  A boulder beetle (D:11)
  A swamp dragon (Lair:1)
  Pikel (D:7)
  An ugly thing (D:11)
  A cyclops (D:11)
  Maurice (D:8)
  Joseph (Lair:1)
  A cane toad (Lair:1)
  A gargoyle (D:11)
  Maggie (D:9)
  4 komodo dragons (Lair:1)
  A polar bear (Lair:1)
  A troll (D:8)
  2 wolf spider simulacra (Gauntlet)
  A hornet (D:7)
  3 blink frogs (Lair:1)
  Prince Ribbit (D:7)
  8 yaks (D:10)
  A basilisk (Lair:1)
  2 vampires
  8 vampire mosquitoes
  3 steam dragons
  3 wargs (D:11)
  3 water moccasins
  9 orc warriors
  A meliai simulacrum (Gauntlet)
  2 sky beasts (D:7)
  A black bear (D:7)
  4 ice beasts
  5 centaurs
  3 lemures (D:7)
  2 phantoms (D:6)
  2 kobold brigands
  2 bullfrogs (Lair:1)
  2 elf zombies (Ossuary)
  A scorpion (D:7)
  9 wights (D:8)
  A howler monkey (D:11)
  2 lava snakes (Lair:2)
  A jelly (D:6)
  4 human zombies (Ossuary)
  4 hounds
  11 orc priests
  2 iguanas (Lair:1)
  11 orc wizards
  3 mummies
  3 gnolls (Bailey)
  5 adders
  A shadow imp (D:5)
  A white imp (D:7)
  2 ufetubi
  2 adder zombies (Ossuary)
  3 worms
  2 dart slugs
  53 orcs
  11 endoplasms
  2 giant cockroaches
  12 goblins
  13 hobgoblins
  8 jackals (D:1)
  27 kobolds
  2 quokkas
  5 ball pythons
  4 bats
  2 frilled lizards
  A goblin zombie (D:6)
  12 hobgoblin zombies (Ossuary)
  2 jackal zombies (Ossuary)
  5 kobold zombies (Ossuary)
  10 orc zombies
  7 rats
329 creatures vanquished.

Vanquished Creatures (collateral kills)
  A foxfire (Lair:1)
1 creature vanquished.

Vanquished Creatures (others)
  An orc wizard (D:5)
  902 foxfires
  A fungus (Lair:1)
  4 plants
908 creatures vanquished.

Grand Total: 1238 creatures vanquished

Notes
Turn   | Place    | Note
-------+----------+-------------------------------------------
     0 | D:1      | browni3141 the Djinni Fire Elementalist began the quest for
                  | the Orb.
     0 | D:1      | browni3141 set off with the following spells memorised:
                  | Foxfire, Scorch, Kindle Blastsparks, Inner Flame, Flame
                  | Wave.
     0 | D:1      | Reached XP level 1. HP: 15/15 MP: 0/0
   116 | D:1      | Reached skill level 1 in Fighting
   170 | D:1      | Reached XP level 2. HP: 22/22 MP: 0/0
   338 | D:1      | Reached XP level 3. HP: 25/28 MP: 0/0
   338 | D:1      | Learned a level 1 spell: Slow
   938 | D:2      | Reached skill level 3 in Spellcasting
  1255 | D:2      | Reached XP level 4. HP: 30/33 MP: 0/0
  2187 | D:3      | Noticed Grinder
  2394 | D:3      | Reached XP level 5. HP: 26/40 MP: 0/0
  2394 | D:3      | Learned a level 2 spell: Static Discharge
  2624 | D:3      | Found a faded altar of an unknown god.
  2688 | D:3      | Reached skill level 4 in Spellcasting
  2688 | D:3      | Reached XP level 6. HP: 27/46 MP: 0/0
  3028 | D:3      | Found a stormy altar of Qazlal.
  4011 | D:5      | Entered Level 5 of the Dungeon
  4272 | D:5      | Noticed an ice beast
  4285 | D:5      | Killed an ice beast
  4286 | D:5      | Reached skill level 5 in Spellcasting
  4286 | D:5      | Reached XP level 7. HP: 49/51 MP: 0/0
  4286 | D:5      | Learned a level 3 spell: Stone Arrow
  4486 | D:5      | Identified the +11 flail "Zixzuwn" {freeze, Drain Int+5}
  4998 | D:6      | Reached skill level 6 in Spellcasting
  4998 | D:6      | Reached XP level 8. HP: 57/58 MP: 0/0
  5161 | D:6      | Reached skill level 5 in Fighting
  5174 | D:6      | Found a sand-covered staircase.
  5218 | Ossuary  | Entered an ossuary
  5568 | Ossuary  | Identified the +3 robe "Rullor" {+Blink rElec rN+++ Str-3}
  5944 | D:6      | Reached skill level 7 in Spellcasting
  6072 | D:6      | Found a staircase to the Ecumenical Temple.
  6182 | Temple   | Entered the Ecumenical Temple
  6216 | Temple   | Became a worshipper of Makhleb the Destroyer
  6237 | D:6      | Reached XP level 9. HP: 65/66 MP: 0/0
  6237 | D:6      | Learned a level 4 spell: Manifold Assault
  6552 | D:7      | Noticed Prince Ribbit
  6562 | D:7      | Killed Prince Ribbit
  6781 | D:7      | Reached skill level 8 in Spellcasting
  6811 | D:7      | Found a flagged portal.
  7054 | D:7      | Noticed Pikel
  7067 | D:7      | Killed Pikel
  7119 | Bailey   | Entered a bailey
  7234 | Bailey   | Noticed an orc warlord
  7280 | Bailey   | Reached * piety under Makhleb
  7333 | Bailey   | Found a runed translucent gate.
  7334 | Bailey   | Found a runed translucent gate.
  7336 | Bailey   | Found a runed translucent gate.
  7352 | Bailey   | Reached XP level 10. HP: 49/75 MP: 0/0
  7908 | Bailey   | Killed an orc warlord
  7909 | Bailey   | Reached skill level 9 in Spellcasting
  8129 | Bailey   | Reached skill level 10 in Fighting
  8129 | Bailey   | Reached skill level 10 in Spellcasting
  8129 | Bailey   | Reached XP level 11. HP: 86/86 MP: 0/0
  8129 | Bailey   | Learned a level 4 spell: Airstrike
  8154 | D:7      | Reached skill level 11 in Spellcasting
  8618 | D:7      | Found a broken altar of Ashenzari.
  8793 | D:8      | Reached ** piety under Makhleb
  8932 | D:8      | Found a blossoming altar of Fedhas.
  8985 | D:8      | Noticed Maurice
  8992 | D:8      | Killed Maurice
 10015 | D:8      | Found a blossoming altar of Fedhas.
 10405 | D:9      | Noticed Maggie
 10412 | D:9      | Killed Maggie
 11037 | D:9      | Found Tapnal's Book Boutique.
 11252 | D:9      | Found a sacrificial altar of Ru.
 11357 | D:9      | Found a hazy altar of Hepliaklqana.
 11500 | D:9      | Found a bloodstained altar of Trog.
 11513 | D:9      | Found a glowing golden altar of the Shining One.
 11687 | D:10     | Entered Level 10 of the Dungeon
 11877 | D:10     | Reached skill level 12 in Spellcasting
 11933 | D:10     | Reached skill level 1 in Invocations
 11933 | D:10     | Reached XP level 12. HP: 78/94 MP: 0/0
 12317 | D:10     | Reached *** piety under Makhleb
 12671 | D:11     | Noticed a boulder beetle
 12934 | D:11     | Killed a boulder beetle
 12935 | D:11     | Reached skill level 5 in Invocations
 13344 | D:11     | Found a staircase to the Lair.
 13944 | Lair:1   | Entered Level 1 of the Lair of Beasts
 14079 | Lair:1   | Identified a scroll of acquirement
 14094 | Lair:1   | Noticed a swamp dragon
 14099 | Lair:1   | Killed a swamp dragon
 14333 | Lair:1   | Reached skill level 1 in Armour
 14655 | Lair:1   | Reached **** piety under Makhleb
 15055 | Lair:1   | Noticed Joseph
 15059 | Lair:1   | Killed Joseph
 15142 | Lair:2   | Found a gate leading to a gauntlet.
 15163 | Gauntlet | Entered a Gauntlet
 15163 | Gauntlet | Found a transporter.
 15170 | Gauntlet | Found a transporter.
 15325 | Gauntlet | Found a transporter.
 15330 | Gauntlet | Found a runed translucent door.
 15330 | Gauntlet | Found a runed translucent door.
 15335 | Gauntlet | Found a transporter.
 15338 | Gauntlet | Found a transporter.
 15360 | Gauntlet | Found a transporter.
 15366 | Gauntlet | Noticed a hell beast
 15368 | Gauntlet | Found a transporter.
 15378 | Gauntlet | Found a transporter.
 15390 | Gauntlet | Found a transporter.
 15411 | Gauntlet | Noticed a death drake
 15419 | Gauntlet | Found a transporter.
 15433 | Gauntlet | Found a transporter.
 15441 | Gauntlet | Found a runed translucent gate.
 15442 | Gauntlet | Found a transporter.
 15442 | Gauntlet | Found a runed translucent gate.
 15443 | Gauntlet | Found a runed translucent gate.
 15444 | Gauntlet | Found a transporter.
 15514 | Gauntlet | Found a transporter.
 15746 | Gauntlet | Reached XP level 13. HP: 10/99 MP: 0/0
 15746 | Gauntlet | Learned a level 5 spell: Silence
 15748 | Gauntlet | Engulfed by a cloud of flame

Illustrated notes

Levels and vault maps discovered:
D:1:      wheals_arrival_shading, layout_loops_ring
D:2:      layout_loops_cross, serial_co_window_serial,
          co_window_of_opportunity_a, co_window_corner_a, co_window_paths_a,
          co_window_paths_b, co_window_of_opportunity_a, co_window_corner_a,
          co_window_corner_a, co_window_corner_b, co_window_broadway_c,
          co_window_corner_b, co_window_sun, st_stairs_5, minivault_24,
          chequers_jeans, amethyst_killhole
D:3:      layout_basic, amcnicky_altar_gilded, ebering_ecumenical_altar_webs,
          chequers_serial_rivers_small_a, due_unseen_surprise, uniq_grinder
D:4:      layout_basic
D:5:      layout_cave_pods
D:6:      cheibrodos_iron_armory, layout_loops_cross, minmay_temple_entry_mist,
          nicolae_ossuary_entry_giza
D:7:      layout_loops_ring, minitemple, enter_bailey_5,
          nicolae_nh_ransacked_shop, uniq_prince_ribbit1, uniq_pikel
D:8:      layout_loops_ring, mainiacjoe_overflow_alcove_4, uniq_maurice
D:9:      layout_layer_cave, nicolae_overflow_quartered_altars, serial_shops,
          nicolae_shop_behind_doors, uniq_maggie
D:10:     layout_loops_ring
D:11:     layout_basic, erik_lair_orcish_takeover
Temple:   nicolae_temple_ecumenical_triangle
Lair:1:   beast_lair_carwin_large_2, layout_layer_cave, pond, uniq_joseph
Lair:2:   wad_woods_minihive, layout_gridlike, elwin_shoals_entry_stream,
          nicolae_snake_entry_warm_welcome, gauntlet_entry_generic,
          nicolae_quartered_pool_little, disabler_island
Gauntlet: minmay_gauntlet_77_tree [minmay_gauntlet_arena_77_mirror,
          minmay_gauntlet_arena_77_run_for_it,
          minmay_gauntlet_arena_77_shame_cube, minmay_gauntlet_arena_77_fan,
          minmay_gauntlet_arena_77_squiggly, minmay_gauntlet_arena_77_two_lines,
          minmay_gauntlet_arena_77_radiant_squares, gauntlet_exit_hidden_loot]

Skill      XL: |  1  2  3  4  5  6  7  8  9 10 11 12 |
---------------+-------------------------------------+-----
Fighting       | 1 2 3 4 5 7 10 11 | 11.0
Spellcasting   | 3 4 5 6 7 8 10 12 | 12.3
Invocations    | 1 8 |  8.0
Armour         | 3 |  3.6
Dodging        | |  2.1
Stealth        | |  1.5

Action                   |  1- 3 |  4- 6 |  7- 9 | 10-12 | 13-15 || total
-------------------------+-------+-------+-------+-------+-------++-------
Melee: Long sword        |       |    13 |    38 |    35 |       ||    86
       Punch             |       |       |     1 |       |       ||     1
 Cast: Foxfire           |    59 |    79 |   163 |   235 |       ||   536
       Scorch            |       |    11 |    37 |   122 |       ||   170
       Static Discharge  |       |     3 |     4 |     2 |       ||     9
       Inner Flame       |       |     1 |     4 |    11 |       ||    16
       Stone Arrow       |       |       |     6 |    18 |       ||    24
       Kindle Blastspark |       |       |     5 |    22 |       ||    27
       Slow              |       |       |     4 |     1 |       ||     5
       Manifold Assault  |       |       |     1 |     1 |       ||     2
       Airstrike         |       |       |       |    30 |     2 ||    32
Evoke: Wand              |       |       |     5 |     4 |       ||     9
       Phantom mirror    |       |       |       |     1 |       ||     1
  Use: Scroll            |       |     4 |     7 |     9 |       ||    20
       Potion            |       |       |       |     2 |     1 ||     3
 Stab: Sleeping          |       |       |     1 |     1 |       ||     2
Armor: Robe              |     2 |     8 |    33 |    30 |       ||    73
Dodge: Dodged            |    12 |    19 |    68 |   102 |       ||   201

Table legend: (Time is in decaauts)
 A = Elapsed time spent in this place.
 B = Non-inter-level travel time spent in this place.
 C = Inter-level travel time spent in this place.
 D = Time resting spent in this place.
 E = Time spent auto-exploring this place.
 F = Levels seen in this place.
 G = Mean time per level.
                   A        B        C        D        E       F      G
               +--------+--------+--------+--------+--------+-----+--------+
         Total |  15775 |  15380 |    395 |   1369 |  11155 |  17 |  927.9 |
       Dungeon |  12428 |  12054 |    374 |   1053 |   9248 |  11 | 1129.8 |
        Temple |     41 |     35 |      6 |      0 |     25 |   1 |   41.0 |
          Lair |   1032 |   1017 |     15 |     46 |    779 |   2 |  516.0 |
       Ossuary |    659 |    659 |      0 |      0 |    408 |   1 |  659.0 |
        Bailey |   1032 |   1032 |      0 |    170 |    497 |   1 | 1032.0 |
      Gauntlet |    581 |    581 |      0 |    100 |    198 |   1 |  581.0 |
               +--------+--------+--------+--------+--------+-----+--------+

Top non-repeatable levels by time:
     D:8: 1574 daAuts
    D:11: 1406 daAuts
     D:9: 1346 daAuts
     D:2: 1279 daAuts
     D:7: 1189 daAuts
    D:10: 1051 daAuts
  Bailey: 1032 daAuts
  Lair:1: 1006 daAuts
     D:3: 959 daAuts
     D:6: 936 daAuts
     D:4: 920 daAuts
     D:5: 909 daAuts
     D:1: 855 daAuts
 Ossuary: 659 daAuts
Gauntlet: 581 daAuts
